 Dungeon Crawl Stone Soup version 0.23-a0-32-g1388f29e54 (webtiles) character file.

3154 Htamos the Fighter (level 9, -1/90 HPs)
             Began as a Hill Orc Fighter on Aug 3, 2018.
             Was a Priest of Beogh.
             Slain by a two-headed ogre
             ... wielding a +0 giant club
              (21 damage)
             ... on level 10 of the Dungeon.
             The game lasted 00:14:22 (10079 turns).

Htamos the Fighter (Hill Orc Fighter)              Turns: 10079, Time: 00:14:23

Health: -1/90      AC: 10    Str: 22    XL:     9   Next: 93%
Magic:  9/9        EV:  8    Int:  8    God:    Beogh [***...]
Gold:   302        SH:  9    Dex: 10    Spells: 7/8 levels left

rFire    + . .     SeeInvis .   P - +0 double sword
rCold    + . .     Gourm    .   c - +0 shield
rNeg     . . .     Faith    .   n - +2 ring mail {rPois}
rPois    +         Spirit   .   w - +1 hat
rElec    .         Reflect  .   (no cloak)
rCorr    .         Harm     .   O - +0 pair of gloves
MR       .....                  (no boots)
Stlth    ..........             (no amulet)
HPRegen  0.25/turn              G - ring of protection from cold
MPRegen  0.11/turn              I - ring of protection from fire

@: no status effects
A: no striking features
a: Smiting, Renounce Religion


You were on level 10 of the Dungeon.
You worshipped Beogh.
Beogh was most pleased with you.
You were hungry.

You visited 1 branch of the dungeon, and saw 10 of its levels.

You collected 471 gold pieces.
You spent 169 gold pieces at shops.

Inventory:

Hand Weapons
 a - a +1 war axe
 E - a +0 battleaxe
 K - the +8 hunting sling of Xom's Vengeance {velocity, rC+ rN+ SInv}
   (You bought it in a shop on level 7 of the Dungeon)

   Any stone fired from it inflicts extra damage.
   It protects you from cold.
   It protects you from negative energy.
   It lets you see invisible.
 P - a +0 double sword (weapon)
Missiles
 J - a throwing net (quivered)
 L - 79 stones
 N - 21 sling bullets
Armour
 b - a +0 scale mail
 c - a +0 shield (worn)
 k - a +0 chain mail
 n - a +2 ring mail of poison resistance (worn)
 w - a +1 hat (worn)
 z - a +0 chain mail
 O - a +0 pair of gloves (worn)
Jewellery
 i - an uncursed ring of resist corrosion
 o - an uncursed ring of fire
 u - an uncursed ring of ice
 G - a ring of protection from cold (left hand)
 I - a ring of protection from fire (right hand)
Wands
 A - a wand of iceblast (7)
 D - a wand of disintegration (9)
 F - a wand of polymorph (17)
Scrolls
 e - a scroll of magic mapping
 l - a scroll of fog
 p - a scroll of enchant armour {unknown}
 s - 2 scrolls of teleportation
 v - 4 scrolls of identify
 y - 2 scrolls of amnesia
 B - a scroll of torment {unknown}
 C - 3 scrolls of remove curse
 H - 2 scrolls of fear {unknown}
Potions
 g - a potion of magic {unknown}
 h - a potion of degeneration {unknown}
 j - 2 potions of flight {unknown}
 m - a potion of heal wounds {unknown}
 q - 4 potions of resistance
 r - 2 potions of haste {unknown}
 t - a potion of cancellation {unknown}
 x - 3 potions of curing {unknown}
 M - a potion of mutation {unknown}
Comestibles
 f - 18 rations


   Skills:
 + Level 12.0 Fighting
 + Level 10.1 Axes
 + Level 3.3 Slings
 + Level 4.3 Armour
 + Level 4.3 Shields
 + Level 0.4 Hexes


You had 7 spell levels left.
You knew the following spells:

 Your Spells              Type           Power        Failure   Level  Hunger
a - Confusing Touch       Hex            #.....       92%         1    ##.....

Your spell library contained the following spells:

 Spells                   Type           Power        Failure   Level  Hunger
 Confuse                  Hex            #.......     100%        3    ####...
 Metabolic Englaciation   Hex/Ice        #.........   100%        5    ######.
 Petrify                  Tmut/Erth      #.......     100%        4    #####..
 Gell's Gravitas          Tloc           #.........   100%        3    ####...
 Yara's Violent Unravell  Hex/Tmut       #.........   100%        5    ######.


Dungeon Overview and Level Annotations

Branches:
Dungeon (10/15)            Temple (0/1) D:6
   Lair: D:8-11         Orc: D:9-12

Altars:
Cheibriados
Dithmenos
Elyvilon
Gozag
Kikubaaqudgha
Ru
Vehumet
Xom
Yredelemnul

Shops:
D:7 (   D:9 (

Annotations:
D:3 1 transporter, Tinylith's ghost, amateur NaIE
D:6 exclusion: statue


Message History

You block the two-headed ogre's attack.
The two-headed ogre hits you with a giant club.
Unknown command.
Evoke which item? (* to show all) (? for menu, Esc to quit)
Aiming: Polymorph
Press: ? - help, Shift-Dir - straight line, f - two-headed ogre
Aim: a two-headed ogre, wielding two giant clubs (chance to defeat MR: 28%)
The two-headed ogre easily resists.
The two-headed ogre hits you with a giant club!
* * * LOW HITPOINT WARNING * * *
The two-headed ogre hits you with a giant club!!
* * * LOW HITPOINT WARNING * * *
Unknown command.
Evoke which item? (* to show all) (? for menu, Esc to quit)
Aiming: Polymorph
Press: ? - help, Shift-Dir - straight line, f/p - two-headed ogre
Aim: a two-headed ogre, wielding two giant clubs (chance to defeat MR: 28%)
The two-headed ogre easily resists.
The two-headed ogre hits you with a giant club!!
You die...

.. #h
##.## ....
#r.# #).#
# #..# .##
#.h###...#
#.rO@..#
##.###...#
#.. .##
### #


You could see a two-headed ogre, a hound and a quokka.

Vanquished Creatures
  Pikel (D:5)
  Prince Ribbit (D:5)
  A hippogriff (D:8)
  3 slaves
  2 sky beasts
  An orc warrior (D:7)
  An ice beast (D:8)
  2 ogres
  2 centaurs
  3 bullfrogs
  2 scorpions
  A water moccasin skeleton (D:4)
  A howler monkey (D:5)
  2 crimson imps
  A centaur zombie (D:8)
  4 hounds
  4 jellies
  8 orc priests
  8 orc wizards
  A bullfrog skeleton (D:9)
  An iguana (D:7)
  3 worker ants
  A hound zombie (D:6)
  A hound skeleton (D:9)
  3 gnolls
  12 adders
  4 shadow imps
  2 oozes
  An adder zombie (D:6)
  2 worms (D:2)
  3 dart slugs
  3 leopard geckos
  31 orcs
  5 bats
  5 giant cockroaches
  7 goblins
  8 hobgoblins
  10 jackals
  5 quokkas
  3 frilled lizards
  5 kobolds
  A leopard gecko skeleton (D:5)
  7 rats
172 creatures vanquished.

Vanquished Creatures (collateral kills)
  An orc (D:9)
1 creature vanquished.

Vanquished Creatures (others)
  A slave (D:7)
  A bullfrog zombie (D:7)
  An orc priest (D:5)
  An orc wizard (D:5)
  A worker ant (D:5)
  3 orcs
  A bat (D:3)
  A hobgoblin (D:3)
  A kobold (D:3)
11 creatures vanquished.

Grand Total: 184 creatures vanquished

Notes
Turn   | Place    | Note
-------+----------+-------------------------------------------
     0 | D:1      | Htamos the Hill Orc Fighter began the quest for the Orb.
     0 | D:1      | Reached XP level 1. HP: 19/19 MP: 1/1
   490 | D:1      | Reached skill level 4 in Fighting
   492 | D:1      | Reached XP level 2. HP: 26/27 MP: 2/2
  1052 | D:2      | Reached XP level 3. HP: 34/34 MP: 3/3
  1370 | D:2      | Reached skill level 5 in Fighting
  1430 | D:2      | Reached XP level 4. HP: 42/42 MP: 4/4
  2221 | D:2      | Reached XP level 5. HP: 29/50 MP: 5/5
  2495 | D:3      | Found a shimmering altar of Xom.
  2527 | D:3      | Reached skill level 6 in Fighting
  2557 | D:3      | Found a transporter.
  2564 | D:3      | Noticed Tinylith's ghost (amateur NaIE)
  2694 | D:3      | Found a snail-covered altar of Cheibriados.
  3083 | D:3      | Found a transporter.
  3203 | D:3      | Found a white marble altar of Elyvilon.
  3463 | D:3      | Reached skill level 5 in Axes
  3699 | D:4      | Reached XP level 6. HP: 55/58 MP: 6/6
  3827 | D:4      | Reached skill level 7 in Fighting
  4376 | D:5      | Entered Level 5 of the Dungeon
  4514 | D:5      | Became a worshipper of Beogh the Brigand
  4592 | D:5      | Noticed a slave
  4592 | D:5      | Noticed a slave
  4601 | D:5      | Killed a slave
  4613 | D:5      | Killed a slave
  4795 | D:5      | Reached XP level 7. HP: 66/67 MP: 7/7
  4807 | D:5      | Found an opulent altar of Gozag.
  5124 | D:5      | Noticed Prince Ribbit
  5135 | D:5      | Killed Prince Ribbit
  5135 | D:5      | Reached skill level 8 in Fighting
  5137 | D:5      | Noticed Pikel
  5451 | D:5      | Killed Pikel
  5451 | D:5      | Reached skill level 9 in Fighting
  5451 | D:5      | Reached XP level 8. HP: 38/79 MP: 8/8
  5747 | D:5      | Reached skill level 10 in Fighting
  5891 | D:5      | Found a shadowy altar of Dithmenos.
  5891 | D:5      | Found an ancient bone altar of Kikubaaqudgha.
  5946 | D:5      | Found a faded altar of an unknown god.
  5948 | D:5      | Found a faded altar of an unknown god.
  5950 | D:5      | Found a basalt altar of Yredelemnul.
  6189 | D:5      | You fall through a shaft!
  6523 | D:6      | Reached * piety under Beogh
  6809 | D:6      | Found a radiant altar of Vehumet.
  6857 | D:6      | Found a staircase to the Ecumenical Temple.
  7054 | D:5      | Reached skill level 11 in Fighting
  7587 | D:7      | Found Bamadgh's Antique Weapon Shoppe.
  7593 | D:7      | Reached XP level 9. HP: 89/89 MP: 9/9
  7601 | D:7      | Bought a twisted hunting sling for 169 gold pieces
  7601 | D:7      | Identified the +8 hunting sling of Xom's Vengeance {velocity, rC+ rN+ SInv} (You bought it in a shop on level 7 of the Dungeon)
  7637 | D:7      | Reached skill level 1 in Slings
  7655 | D:7      | Reached ** piety under Beogh
  9372 | D:8      | Found a sacrificial altar of Ru.
  9380 | D:8      | Reached *** piety under Beogh
  9385 | D:8      | Reached skill level 12 in Fighting
  9385 | D:8      | Reached skill level 10 in Axes
  9471 | D:8      | Learned a level 1 spell: Confusing Touch
  9473 | D:8      | Found a shadowy altar of Dithmenos.
  9798 | D:9      | Found Car Xush's Weapon Shoppe.
  9805 | D:9      | Noticed a hornet
  9806 | D:9      | Noticed a two-headed ogre
  9810 | D:9      | Paralysed by a hornet for 3 turns
 10074 | D:10     | Entered Level 10 of the Dungeon
 10079 | D:10     | Slain by a two-headed ogre

Vault maps used:
D:1:      minmay_arrival_doors, supply_closet_lemuel, minmay_tromino_v7
D:2:      first_ration
D:3:      cheibriados_altar_1, xom_teletrap_fun, gammafunk_ghost_stat_death,
          elyvilon_altar_4
D:5:      nicolae_overflow_crystal_walls, chequers_temple_overflow_minitemple,
          kennysheep_potato, uniq_prince_ribbit1, uniq_pikel
D:6:      vehumet_statue, temple_statues
D:7:      serial_shops, shop
D:8:      old_standard_altar, grunt_dithmenos_smoke_and_mirrors
D:9:      orc_david_3
D:10:     david_nohive_1

Skill      XL: |  1  2  3  4  5  6  7  8  9 |
---------------+----------------------------+-----
Fighting       | 4 5 6 7 9 11 12 | 12.0
Axes           | 3 4 5 7 8 10 | 10.1
Slings         | 3 |  3.3
Armour         | 4 |  4.3
Shields        | 4 |  4.3
Hexes          | |  0.4

Action                   |  1- 3 |  4- 6 |  7- 9 || total
-------------------------+-------+-------+-------++-------
Melee: War axe           |    86 |   215 |   375 ||   676
       Double sword      |       |       |     6 ||     6
Invok: Convert to Beogh  |       |     1 |       ||     1
Evoke: Wand              |       |       |    11 ||    11
  Use: Potion            |       |     1 |       ||     1
       Scroll            |       |     9 |     3 ||    12
  Eat: Chunk             |     2 |    11 |    16 ||    29
Armor: Scale mail        |    32 |   122 |       ||   154
       Ring mail         |       |     7 |   166 ||   173
Dodge: Dodged            |    20 |    80 |    98 ||   198
Block: Shield            |    45 |   124 |   155 ||   324

Table legend:
 A = Spawn XP
 B = Non-spawn XP
 C = Spawn XP percentage of total XP
 D = Spawn monster count
 E = Non-spawn monster count
 F = Spawn count percentage of total count
 G = Total turns spent on level
                    A         B        C        D         E        F      G
               +---------+---------+-------+---------+---------+-------+---------
         Total |       0 |    4506 |   0.0 |       0 |     171 |   0.0 | 10079
               +---------+---------+-------+---------+---------+-------+---------
           D:1 |       0 |      60 |   0.0 |       0 |      16 |   0.0 |  1390
           D:2 |       0 |     113 |   0.0 |       0 |      26 |   0.0 |  1084
           D:3 |       0 |     139 |   0.0 |       0 |      20 |   0.0 |  1302
           D:4 |       0 |     195 |   0.0 |       0 |      11 |   0.0 |   796
           D:5 |       0 |    1363 |   0.0 |       0 |      30 |   0.0 |  1984
           D:6 |       0 |     326 |   0.0 |       0 |      12 |   0.0 |   773
           D:7 |       0 |    1185 |   0.0 |       0 |      30 |   0.0 |  1546
           D:8 |       0 |    1011 |   0.0 |       0 |      21 |   0.0 |   923
           D:9 |       0 |     114 |   0.0 |       0 |       5 |   0.0 |   276
               +---------+---------+-------+---------+---------+-------+---------
